 Dungeon Sprint DCSS version 0.28.0 (webtiles) character file.

Game seed: 7720041506854476849

1815 boopmooplesden the Fighter (level 8, -14/129 HPs)
             Began as a Minotaur Fighter on Feb 5, 2022.
             Was a Follower of Okawaru.
             Demolished by a polar bear (15 damage)
             ... in the Dungeon (Sprint II: "The Violet Keep of Menkaure").
             The game lasted 00:02:59 (746 turns).

boopmooplesden the Fighter (Minotaur Fighter)        Turns: 746, Time: 00:03:01

Health: -14/129    AC:  8    Str: 24    XL:     8   Next: 85%
Magic:  7/7        EV: 11    Int: 11    God:    Okawaru [*.....]
Gold:   426        SH:  6    Dex:  5    Spells: 7/7 levels left

rFire   . . .      SeeInvis .   a - +0 war axe
rCold   . . .      Faith    .   c - +0 buckler
rNeg    + . .      Spirit   .   l - +0 leather armour "Lioraich" {rN+ Str+2 Int+6 Dex-4}
rPois   .          Reflect  .   (helmet restricted)
rElec   .          Harm     .   b - +1 cloak {rCorr}
rCorr   +          Rampage  .   k - +0 pair of gloves
Will    .....      NoTele   +   (no boots)
Stlth   ..........              (no amulet)
HPRegen 0.31/turn               (no ring)
MPRegen 0.10/turn               (no ring)

@: berserking (expiring), lethally poisoned (-14 -> -23), slowed
A: horns 2, retaliatory headbutt, clumsy 1, screaming 2
a: Renounce Religion, Heroism


You were in the Dungeon.
You worshipped Okawaru.
Okawaru was aware of your devotion.
You visited 1 branch You collected 978 gold pieces.
You spent 552 gold pieces at shops.

Inventory:

Hand Weapons
 a - a +0 war axe (weapon)
Armour
 b - a +1 cloak of preservation (worn)
 c - a +0 buckler (worn)
 d - a +0 cloak
 k - a +0 pair of gloves (worn)
 l - the +0 leather armour "Lioraich" (worn) {rN+ Str+2 Int+6 Dex-4}
   (You bought it in a shop in the Dungeon)

   Str:       It affects your strength (+2).
   Int:       It affects your intelligence (+6).
   Dex:       It affects your dexterity (-4).
   rN:        It protects you from negative energy.
Scrolls
 j - a scroll of blinking
Potions
 e - a potion of curing
 f - a potion of heal wounds
 g - a potion of haste
 h - 2 potions of magic


   Skills:
 + Level 13.3 Fighting
 + Level 12.1 Axes
 + Level 12.0 Armour
 + Level 2.3 Dodging
 + Level 0.7 Stealth
 + Level 11.5 Shields


You had 7 spell levels left.
You didn't know any spells.
Your spell library was empty.

Dungeon Overview and Level Annotations

Branches:
Dungeon (1/1)

Altars:
Cheibriados
Dithmenos
Elyvilon
Fedhas
Gozag
Hepliaklqana
Kikubaaqudgha
Makhleb
Nemelex Xobeh
Okawaru
Qazlal
Ru
Sif Muna
Trog
Uskayaw
Vehumet
Wu Jian
Xom
Yredelemnul
Zin
The Shining One
Beogh
Jiyva
Lugonu

Shops:
D !=:((*[(=*:?!?[

Annotations:
D exclusion: oklob plant


Innate Abilities, Weirdness & Mutations

You have a pair of horns on your head.
You reflexively headbutt those who attack you in melee.
You are clumsy. (Dex -2)
You frequently scream uncontrollably at your foes.


Message History

The polar bear claws you but does no damage.
The polar bear claws you.
* * * LOW HITPOINT WARNING * * *
You can move again.
You miss the hornet.
The hornet is severely wounded.
You slash the polar bear!
You feel very sick. The hornet closely misses you. The hornet stings you!
* * * LOW HITPOINT WARNING * * *
You feel as though you will be slow longer.
You slash the hornet!
You kill the hornet!
Okawaru is honoured by your kill.
You can now gain great but temporary skills.
You barely miss the polar bear.
You feel very sick. The polar bear closely misses you.
You block the polar bear's attack. The polar bear closely misses you.
Your Axes skill increases to level 12!
Your Armour skill increases to level 12!
Your Dodging skill increases to level 2!
You slash the polar bear!
The polar bear is severely wounded.
You hit the polar bear.
You feel very sick. You block the polar bear's attack.
The polar bear claws you but does no damage. x2
The polar bear bites you!
* * * LOW HITPOINT WARNING * * *
The polar bear claws you but does no damage.
You block the polar bear's attack.
You are too berserk!
You slash the polar bear!
You kill the polar bear!
Okawaru is honoured by your kill.
You hit the polar bear but do no damage.
* * * LOW HITPOINT WARNING * * *
You feel sick. The polar bear bites you!
You die... ..# ##..## #..# .# '###.##..# +..# .# )?($

.##.###..# #..# .#▓[$(($
<.'##.+..### ..##.#▓(!)$)?
.##...#....###...##▓▓▓▓▓▓▓
÷###.##......≈≈≈≈≈≈≈≈≈≈≈≈≈
#.####≈≈§....≈#'########+###
##.#≈≈§≈§≈§..≈#hh_._._.#≈≈≈##
##≈≈≈§≈≈≈≈.≈#.@._._..#≈≈≈≈##
+##≈≈≈§§§≈≈≈§≈#_._._._.#≈≈≈≈§
≈≈≈≈≈≈≈§≈§≈≈≈≈#._._._._#S§≈≈≈
#+++#≈§§≈§≈§≈§#.._._._.#S§§≈≈§


SS≈ ##≈§§###≈≈#..._._._#≈≈≈≈≈≈ ≈≈S≈≈##≈≈# #≈≈#...._._.#≈§§≈≈≈ ≈≈≈≈≈§+≈≈#
#≈≈#....._._#§§≈≈▓ ≈§≈≈≈##≈§≈§≈≈§##########§≈§≈▓z ≈≈≈≈## #######≈S≈≈≈≈≈≈≈§≈≈≈▓z
You could see 2 polar bears.

Vanquished Creatures
  A yaktaur (D)
  A hornet (D)
  A polar bear (D)
  A blink frog (D)
  2 wyverns (D)
  4 neqoxecs (D)
  Menkaure (D)
  4 scorpions (D)
  3 worms (D)
18 creatures vanquished.

Vanquished Creatures (others)
  A water moccasin (D)
1 creature vanquished.

Grand Total: 19 creatures vanquished

Notes
Turn   | Place    | Note
-------+----------+-------------------------------------------
     0 | D        | boopmooplesden the Minotaur Fighter began the quest for the
                  | Orb.
     0 | D        | Reached XP level 1. HP: 19/19 MP: 0/0
     7 | D        | Reached skill level 4 in Fighting
    14 | D        | Reached XP level 2. HP: 26/28 MP: 1/1
    25 | D        | Noticed a neqoxec
    25 | D        | Noticed a neqoxec
    25 | D        | Noticed a neqoxec
    25 | D        | Noticed a neqoxec
    27 | D        | Gained mutation: You have hidden genetic defects. [a
                  | neqoxec]
    30 | D        | Killed a neqoxec
    30 | D        | Gained mutation: You occasionally shout uncontrollably at
                  | your foes. [a neqoxec]
    31 | D        | Reached skill level 7 in Fighting
    31 | D        | Reached skill level 5 in Axes
    31 | D        | Reached XP level 3. HP: 28/40 MP: 2/2
    31 | D        | Reached XP level 4. HP: 33/48 MP: 3/3
    31 | D        | Reached XP level 5. HP: 37/53 MP: 4/4
    33 | D        | Killed a neqoxec
    34 | D        | Reached skill level 9 in Fighting
    34 | D        | Reached XP level 6. HP: 44/63 MP: 5/5
    36 | D        | Killed a neqoxec
    37 | D        | Reached skill level 10 in Fighting
    39 | D        | Killed a neqoxec
    39 | D        | Gained mutation: You are clumsy. (Dex -2) [hidden defects]
    40 | D        | Reached skill level 10 in Armour
    52 | D        | Gained mutation: You frequently scream uncontrollably at
                  | your foes. [hidden defects]
    52 | D        | Lost mutation: You have hidden genetic defects. [hidden
                  | defects expressed]
    73 | D        | Noticed a wyvern
    73 | D        | Noticed a wyvern
    77 | D        | Killed a wyvern
    78 | D        | Reached skill level 11 in Fighting
    78 | D        | Reached skill level 10 in Shields
    78 | D        | Reached XP level 7. HP: 47/74 MP: 6/6
    85 | D        | Killed a wyvern
   344 | D        | Reached skill level 12 in Fighting
   352 | D        | Reached XP level 8. HP: 57/83 MP: 7/7
   358 | D        | Found Isodog's Assorted Antiques.
   358 | D        | Found Pade's Magic Scroll Emporium.
   358 | D        | Found Idaun's Antique Weapon Shoppe.
   358 | D        | Found Zirhidemuh's Magic Scroll Emporium.
   358 | D        | Found Ehepsim's Jewellery Shoppe.
   358 | D        | Found Nigheluf's Antique Armour Emporium.
   358 | D        | Found Ulaer's Book Shoppe.
   358 | D        | Found Ytiskep's Distillery.
   496 | D        | Found Geciuk's Antique Armour Shoppe.
   496 | D        | Found Cuseotri's General Store.
   496 | D        | Noticed a hell hog
   497 | D        | Noticed a hell hog
   498 | D        | Found Feoton's Antique Weapon Emporium.
   498 | D        | Found Heneiril's Antique Weapon Shoppe.
   498 | D        | Noticed Menkaure
   498 | D        | Noticed an oklob plant
   514 | D        | Killed Menkaure
   515 | D        | Reached skill level 10 in Axes
   516 | D        | Noticed an iron elemental
   517 | D        | Found Saqot's Jewellery Shoppe.
   517 | D        | Found Jimmuij's Book Shoppe.
   517 | D        | Found Hoynerou's Distillery.
   521 | D        | Noticed a cane toad
   521 | D        | Noticed a cane toad
   523 | D        | Bought a cloak for 90 gold pieces
   523 | D        | Bought a pair of gloves for 90 gold pieces
   523 | D        | Bought a faintly humming leather armour for 140 gold pieces
   523 | D        | Identified the +0 leather armour "Lioraich" {rN+ Str+2
                  | Int+6 Dex-4} (You bought it in a shop in the Dungeon)
   559 | D        | Bought a glowing cloak for 232 gold pieces
   587 | D        | Noticed a blink frog
   621 | D        | Killed a blink frog
   622 | D        | Reached skill level 1 in Dodging
   711 | D        | Found a hazy altar of Hepliaklqana.
   711 | D        | Found a snail-covered altar of Cheibriados.
   712 | D        | Found a stormy altar of Qazlal.
   712 | D        | Found a viscous altar of Jiyva.
   712 | D        | Found a shadowy altar of Dithmenos.
   713 | D        | Found a sacrificial altar of Ru.
   713 | D        | Found an ancient bone altar of Kikubaaqudgha.
   713 | D        | Found a white marble altar of Elyvilon.
   714 | D        | Found an ornate altar of the Wu Jian Council.
   714 | D        | Found a shimmering blue altar of Sif Muna.
   714 | D        | Found a corrupted altar of Lugonu.
   714 | D        | Found a blossoming altar of Fedhas.
   715 | D        | Found a shimmering altar of Xom.
   715 | D        | Found a bloodstained altar of Trog.
   715 | D        | Found a burning altar of Makhleb.
   716 | D        | Found a glowing golden altar of the Shining One.
   716 | D        | Found a basalt altar of Yredelemnul.
   716 | D        | Found a hide-covered altar of Uskayaw.
   718 | D        | Found a glowing silver altar of Zin.
   718 | D        | Found a radiant altar of Vehumet.
   718 | D        | Found a sparkling altar of Nemelex Xobeh.
   718 | D        | Noticed a hornet
   718 | D        | Noticed a polar bear
   718 | D        | Noticed a polar bear
   719 | D        | Found an opulent altar of Gozag.
   719 | D        | Found an iron altar of Okawaru.
   719 | D        | Noticed a yaktaur
   720 | D        | Noticed a polar bear
   727 | D        | Noticed a flying skull
   727 | D        | Noticed a flying skull
   728 | D        | Became a worshipper of Warmaster Okawaru
   740 | D        | Killed a yaktaur
   741 | D        | Reached skill level 13 in Fighting
   742 | D        | Paralysed by a hornet for 1 turns
   744 | D        | Killed a hornet
   744 | D        | Reached * piety under Okawaru
   745 | D        | HP: 3/129 [polar bear (14)]
   746 | D        | Killed a polar bear
   746 | D        | HP: 1/129 [poisoned by a hornet]
   746 | D        | Demolished by a polar bear

Illustrated notes

Levels and vault maps discovered:
D:        the_violet_keep_of_menkaure [sprint2_stairs_cluster_1,
          sprint2_shoproom, sprint2_temple, sprint2_basic_supplies,
          sprint2_obstacle_7, sprint2_obstacle_6, sprint2_obstacle_5,
          sprint2_obstacle_1, sprint2_obstacle_4, sprint2_timed_cluster_1,
          sprint2_smallroom_cluster_1, sprint2_smallroom_final_cluster_1,
          sprint2_transparent_cluster_1, sprint2_second_timed_cluster_1,
          sprint2_sniper_area_1, sprint2_heavy_combat_area_1,
          sprint2_mutation_trap_area_1, sprint2_forest_area_1,
          sprint2_light_combat_area_1, sprint2_behind_water_1,
          sprint2_near_end_vault_1]

Skill      XL: |  1  2  3  4  5  6  7  8 |
---------------+-------------------------+-----
Fighting       | 4 7 9 11 12 13 | 13.3
Armour         | 4 7 8 10 11 12 | 12.0
Shields        | 4 7 8 10 11 | 11.5
Axes           | 5 6 8 9 12 | 12.1
Dodging        | 2 |  2.3
Stealth        | |  0.7

Action                   |  1- 3 |  4- 6 |  7- 9 || total
-------------------------+-------+-------+-------++-------
Melee: War axe           |    13 |    13 |    49 ||    75
       Headbutt          |     3 |     2 |    10 ||    15
  Use: Potion            |     1 |       |     1 ||     2
Armor: Scale mail        |     3 |     1 |     8 ||    12
       Leather armour    |       |       |     8 ||     8
Dodge: Dodged            |     2 |     5 |    26 ||    33
Block: Buckler           |     1 |     3 |    16 ||    20
